 Dungeon Crawl Stone Soup version 0.27.1-33-g824d729ab1 (webtiles) character file.

Game seed: 13458559852922009026

75 sking99 the Stinger (level 4, -4/26 HPs)
             Began as a Kobold Venom Mage on Dec 8, 2021.
             Was an Initiate of Ashenzari.
             Splashed by a jelly's acid (8 damage)
             ... on level 3 of the Dungeon.
             The game lasted 00:08:24 (3826 turns).

sking99 the Stinger (Kobold Venom Mage)             Turns: 3826, Time: 00:08:25

Health: -4/26      AC: -5    Str:  6    XL:     4   Next: 55%
Magic:  8/8        EV: 15    Int: 16    God:    Ashenzari [......]
Gold:   167        SH:  5    Dex: 15    Spells: 2/8 levels left

rFire    . . .     SeeInvis .   e - +0 dagger (venom)
rCold    . . .     Faith    .   (shield restricted)
rNeg     . . .     Spirit   .   a - +0 robe
rPois    .         Reflect  +   (no helmet)
rElec    .         Harm     .   d - +0 cloak
rCorr    .         Rampage  .   (no gloves)
Will     .....                  (no boots)
Stlth    +++.......             f - amulet of reflection
HPRegen  0.08/turn              (no ring)
MPRegen  0.11/turn              (no ring)

@: corroded
A: small, no large weapons, nightstalker 3
a: Renounce Religion


You were on level 3 of the Dungeon.
You worshipped Ashenzari.
Ashenzari was noncommittal.
You visited 1 branch of the dungeon, and saw 3 of its levels.

You collected 167 gold pieces.

Inventory:

Hand Weapons
 e - a +0 dagger of venom (weapon)
Armour
 a - a +0 robe (worn)
 d - a +0 cloak (worn)
Jewellery
 f - an amulet of reflection (around neck)
Scrolls
 b - a scroll of enchant armour
 g - a scroll of immolation
 h - a scroll of teleportation
 j - a scroll of holy word
Potions
 c - a potion of curing
 i - a potion of haste
 k - a potion of ambrosia
 l - a potion of berserk rage
 m - a potion of might


   Skills:
 + Level 1.8 Fighting
 - Level 2.4 Dodging
 - Level 2.6 Stealth
 + Level 2.8 Spellcasting
 + Level 0.5 Conjurations
 - Level 1.8 Transmutations
 + Level 0.8 Air Magic
 + Level 3.5 Poison Magic


You had 2 spell levels left.
You knew the following spells:

 Your Spells              Type           Power      Damage    Failure   Level
a - Sting                 Tmut/Pois      40%        1d5       6%          1
b - Poisonous Vapours     Pois/Air       18%        N/A       12%         2
c - Mephitic Cloud        Conj/Pois/Air  7%         N/A       28%         3

Your spell library contained the following spells:

 Spells                   Type           Power      Damage    Failure   Level
 Summon Small Mammal      Summ           8%         N/A       19%         1
 Olgreb's Toxic Radiance  Pois           13%        N/A       41%         4
 Call Canine Familiar     Summ           2%         N/A       50%         3
 Summon Guardian Golem    Hex/Summ       2%         N/A       50%         3


Dungeon Overview and Level Annotations

Branches:
Dungeon (3/15)

Altars:
Ashenzari

Shops:
D:1 *   D:2 *


Innate Abilities, Weirdness & Mutations

You are small and have problems with some larger weapons.
You are completely attuned to the shadows.


Message History

There is an open door here.
Found a stone staircase leading down.
There is a stone staircase leading down here.
Found a stone staircase leading down.
There is a stone staircase leading down here.
You open the door.
There is an open door here.
Found a spear.
Okay, then.
You open the door.
You see here a +0 spear.
You open the door.
There is an open door here.
There is an open door here.
There is an open door here.
A jelly comes into view.
Casting: Sting (safe; 6% risk of failure)
Confirm with . or Enter, or press ? or * to list all spells.
You can't see any susceptible monsters within range! (Use Z to cast anyway.)
Casting: Sting (safe; 6% risk of failure)
Confirm with . or Enter, or press ? or * to list all spells.
You can't see any susceptible monsters within range! (Use Z to cast anyway.) Unknown command.
The helpless jelly fails to defend itself.
You puncture the jelly!
Your hands burn!
The jelly is heavily wounded.
The jelly barely misses you.
You hit the jelly.
Your hands burn!
The jelly is severely wounded.
The jelly misses you.
You hit the jelly. The acid corrodes you!
Your hands burn!
The jelly is severely wounded.
The jelly hits you. The acid corrodes you!
You are splashed with acid!
You hit the jelly but do no damage.
Your hands burn!
* * * LOW HITPOINT WARNING * * *
The jelly is severely wounded.
The jelly hits you.
* * * LOW HITPOINT WARNING * * *
You are splashed with acid!
You die...

#.#.###.###.....##
#.#. #...#.#
##...## #.#.
.###.#.# ##+##
#.#. .......#
#.#######.#.
####.###
#...........
#......#
##..######.#.
#.##.#.####...##
#.#. #
#.#.#.......# #.#.
#..@.......##.
....
###J#.........
#.#####..#### #.#
#...... ..#
#.##### #.# #.#
#.# #.#


You could see a jelly.

Vanquished Creatures
  4 dart slugs
  3 orcs (D:3)
  5 endoplasms
  A giant cockroach (D:1)
  10 goblins
  6 hobgoblins
  2 jackals (D:2)
  3 quokkas
  5 ball pythons
  5 bats
  3 frilled lizards
  4 kobolds
  6 rats
57 creatures vanquished.

Vanquished Creatures (others)
  5 plants
5 creatures vanquished.

Grand Total: 62 creatures vanquished

Notes
Turn   | Place    | Note
-------+----------+-------------------------------------------
     0 | D:1      | sking99 the Kobold Venom Mage began the quest for the Orb.
     0 | D:1      | Reached XP level 1. HP: 10/10 MP: 3/3
   207 | D:1      | Reached XP level 2. HP: 16/16 MP: 0/5
   385 | D:1      | Learned a level 2 spell: Poisonous Vapours
   418 | D:1      | Reached skill level 1 in Fighting
   819 | D:1      | Reached XP level 3. HP: 20/20 MP: 1/6
  1395 | D:1      | Found Gaicwusi's Assorted Antiques.
  1649 | D:2      | Learned a level 3 spell: Mephitic Cloud
  1874 | D:2      | Found a broken altar of Ashenzari.
  1920 | D:2      | Reached XP level 4. HP: 25/25 MP: 3/8
  2054 | D:2      | Found Vucew's Assorted Antiques.
  2188 | D:2      | You fall into a shaft and drop 1 floor!
  2885 | D:2      | Became a worshipper of Ashenzari the Shackled
  3826 | D:3      | Splashed by a jelly's acid

Illustrated notes

Levels and vault maps discovered:
D:1:      minmay_arrival_nine_rooms, layout_basic, serial_shops,
          nicolae_shop_overgrown_old_shop
D:2:      layout_basic, serial_shops, nicolae_square_shop, serial_forest,
          infiniplex_forest_clump_double, infiniplex_forest_clump_small,
          infiniplex_forest_straight_2, infiniplex_forest_join,
          infiniplex_forest_clump_small, basic_altar
D:3:      layout_loops_corners, minmay_pentangle

Skill      XL: |  1  2 |
---------------+-------+-----
Fighting       | 1 |  1.8
Dodging        | |  2.4
Stealth        | |  2.6
Spellcasting   | |  2.8
Conjurations   | |  0.5
Transmutations | |  1.8
Air Magic      | |  0.8
Poison Magic   | |  3.5

Action                   |  1- 3 |  4- 6 || total
-------------------------+-------+-------++-------
Melee: Dagger            |    25 |    28 ||    53
 Cast: Sting             |    28 |     9 ||    37
       Poisonous Vapours |    26 |    18 ||    44
 Stab: Sleeping          |       |     3 ||     3
Armor: Robe              |     9 |     3 ||    12
Dodge: Dodged            |    20 |    16 ||    36
Block: Other             |     8 |     8 ||    16
       Reflection        |       |     2 ||     2
